Map: Abyssal Reef LE

Players

Plokoon - Winner!

  • Race: Terran Terran
  • League: Master
  • Spawn Location: 5:00

whiteant

  • Race: Protoss Protoss
  • Spawn Location: 11:00

VOD

Have the link to the VOD?

Description

Time

  • Played on: Nov. 29, 2017, 8:42 a.m.
  • Length: 17:08
Show
View Real Time Build Order
Export as new Build Order

Plokoon Terran - Winner!

Build Orders: Cyclone Opening, MMM Bio 

Get SALT Encoding   

  12  0:01  SCV  
  13  0:13  SCV  
  14  0:21  Supply Depot  
  14  0:26  SCV  
  15  0:43  Barracks  
  15  0:44  SCV  
  15  0:49  Refinery  
  16  0:57  SCV  
  17  0:59  Refinery  
  17  1:09  SCV  
  18  1:21  SCV  
  19  1:31  Reaper  
  20  1:33  Orbital Command  
  20  1:43  Ghost Academy  
  20  1:59  Supply Depot  
  20  2:04  Barracks Tech Lab  
  20  2:07  Factory  
  20  2:10  SCV  
  21  2:24  Ghost, SCV  
  23  2:37  SCV  
  24  2:49  SCV  
  25  2:51  Cyclone, Supply Depot  
  28  3:09  SCV  
  29  3:14  Ghost  
  31  3:21  SCV  
  32  3:33  SCV  
  31  3:41  Cyclone  
  31  3:44  Supply Depot  
  31  3:45  Starport  
  35  3:48  SCV  
  33  4:00  SCV  
  34  4:05  Liberator  
  34  4:07  Command Center  
  34  4:13  SCV  
  38  4:25  SCV  
  38  4:27  Factory Reactor  
  38  4:28  Barracks  
  39  4:37  SCV  
  40  4:41  Barracks  
  40  4:46  Engineering Bay  
  40  4:50  SCV  
  40  4:52  Liberator  
  41  5:02  SCV  
  45  5:15  Factory Tech Lab  
  45  5:22  SCV  
  45  5:24  Barracks Tech Lab  
  46  5:29  Marine x2  
  46  5:34  SCV  
  49  5:42  Orbital Command  
  49  5:45  Combat Shields, Marauder x2  
  49  5:46  SCV  
  49  5:47  Marine  
  52  5:53  Stimpack  
  52  5:56  Marine  
  53  5:57  Refinery  
  53  5:58  SCV  
  53  6:00  Medivac  
  56  6:04  Marine  
  56  6:06  Supply Depot, Marine  
  56  6:08  Marine  
  56  6:10  SCV x2  
  61  6:14  Marine  
  62  6:21  Terran Infantry Weapons Level 1  
  62  6:24  Supply Depot  
  62  6:26  Marine x2  
  62  6:27  Marine, SCV  
  62  6:32  Marine  
  64  6:37  SCV  
  64  6:39  SCV  
  66  6:44  Marine x2  
  66  6:45  Marauder  
  66  6:46  Starport Reactor, Barracks  
  70  6:50  SCV, Marine, Barracks  
  72  6:56  SCV  
  73  7:02  Marine x2, SCV  
  73  7:07  Marine, Marauder  
  78  7:10  Supply Depot  
  78  7:20  Marine  
  78  7:21  Ghost  
  81  7:23  Medivac  
  81  7:24  SCV x2  
  81  7:27  Marine  
  86  7:31  Medivac, Marine  
  86  7:32  Supply Depot  
  86  7:33  Nuke  
  86  7:36  Barracks Tech Lab  
  89  7:38  SCV, Marine  
  89  7:40  Barracks Reactor  
  89  7:41  SCV  
  89  7:43  Supply Depot  
  92  7:45  Supply Depot, Marine  
  92  7:49  Marine  
  94  7:51  Supply Depot  
  94  7:53  Marine  
  94  7:54  SCV  
  94  7:55  Marine  
  97  8:01  Marauder  
  97  8:02  Concussive Shells  
  97  8:03  Marine  
  100  8:07  Marauder  
  100  8:10  Supply Depot x2  
  100  8:11  Marine  
  103  8:13  Marine  
  103  8:15  Marine x2  
  103  8:19  Supply Depot, Refinery  
  106  8:20  Marine  
  106  8:22  Marauder  
  109  8:28  Marine  
  109  8:29  Marine  
  109  8:31  Marine  
  112  8:39  Liberator x2  
  112  8:44  Marine x2, Marauder  
  112  8:47  Marauder  
  118  8:55  Marine x2, Marauder  
  117  9:02  Marine  
  126  9:04  Supply Depot  
  126  9:05  Marauder  
  126  9:09  Marine  
  119  9:10  Marauder  
  119  9:13  Marine  
  117  9:18  Marauder  
  117  9:21  Liberator  
  117  9:22  Liberator, Marine  
  117  9:23  Marine  
  118  9:26  Marauder  
  118  9:27  Marine  
  118  9:30  Marine  
  118  9:31  Marine  
  123  9:33  Supply Depot  
  119  9:40  Marine, Marauder  
  119  9:42  Marine  
  129  9:53  Marine  
  129  9:54  Marine  
  129  9:58  Command Center  
  131  10:04  Marine x2, Marauder  
  136  10:08  Terran Infantry Armor Level 1  
  136  10:12  Supply Depot  
  138  10:15  Marine  
  138  10:16  Marine x2  
  138  10:21  Medivac  
  138  10:25  Marine x2, Marauder  
  144  10:29  Marauder  
  144  10:33  Marine  
  144  10:35  Marine, Marauder  
  141  10:42  Marine x2  
  121  10:46  Marine  
  102  10:50  Marine  
  102  10:51  Marine  
  102  10:52  Marine  
  102  10:55  SCV x2  
  102  10:56  Marauder  
  103  11:00  Marine x2  
  107  11:04  Marauder  
  107  11:07  SCV  
  107  11:08  Marine  
  107  11:09  Marine  
  107  11:10  Marine  
  111  11:18  Marauder  
  109  11:20  Marine  
  109  11:25  Marine, Marauder  
  110  11:26  Marine, Marauder  
  110  11:28  Marine  
  110  11:30  Liberator  
  113  11:35  Liberator  
  113  11:37  Engineering Bay, Marine, SCV, Armory  
  113  11:39  Orbital Command, Marauder  
  117  11:42  Marine  
  124  11:58  Marine x2  
  124  11:59  Marauder  
  128  12:04  Marine x3, Marauder  
  128  12:08  Missile Turret  
  133  12:13  Liberator  
  133  12:18  Liberator  
  133  12:20  Marauder  
  133  12:21  Marine x2  
  137  12:31  Marine, Marauder  
  137  12:32  Refinery  
  137  12:34  Marine x2  
  145  12:38  Marine  
  145  12:43  Refinery  
  145  12:51  Marine x2, Marauder  
  147  12:55  Marauder  
  147  12:56  Liberator  
  150  12:59  Marine x2  
  150  13:00  Marauder  
  150  13:01  Liberator  
  154  13:08  Marine  
  154  13:09  Marine  
  154  13:12  Marauder  
  158  13:13  Terran Infantry Weapons Level 2  
  158  13:14  Command Center  
  158  13:17  Marine x2, Marauder  
  168  13:22  Marauder  
  168  13:23  Terran Infantry Armor Level 2  
  168  13:26  Marine x2  
  172  13:31  Supply Depot  
  172  13:33  Marine  
  173  13:37  Marine x2  
  173  13:38  Liberator, Marauder  
  172  13:53  Marine x2, Marauder  
  172  13:54  Marine x2  
  156  13:57  Marine  
  156  13:59  Marauder  
  162  14:03  Liberator  
  159  14:11  Marine x2  
  159  14:12  Marine, Marauder  
  159  14:17  Marine, Marauder  
  166  14:20  Marine  
  166  14:21  Liberator  
  171  14:28  Marine  
  171  14:30  Marine  
  173  14:33  Marauder  
  178  14:45  Liberator  
  178  14:48  Marine, Marauder  
  178  14:51  Marine x2, Marauder  
  182  14:57  Marine  
  182  14:58  Marauder  
  178  15:04  Liberator  
  178  15:05  Marine  
  171  15:09  Marauder  
  171  15:11  Marine  
  171  15:13  Marauder  
  164  15:17  Marine  
  164  15:19  Marauder  
  140  15:31  Marauder  
  140  15:34  Marauder  
  92  15:42  Marauder  
  85  15:55  Marine  
Show
View Real Time Build Order
Export as new Build Order

whiteant Protoss 

Build Orders: 1 Gate Expand 

Get SALT Encoding   

  12  0:00  Probe  
  13  0:13  Probe  
  14  0:19  Pylon  
  14  0:25  Probe  
  15  0:37  Probe (Chrono Boost)  
  15  0:38  Gateway  
  16  0:47  Assimilator  
  16  0:48  Probe (Chrono Boost)  
  17  0:51  Probe  
  18  1:03  Probe  
  19  1:15  Probe (Chrono Boost)  
  21  1:26  Probe (Chrono Boost)  
  21  1:29  Nexus  
  21  1:38  Cybernetics Core  
  21  1:41  Assimilator  
  21  1:47  Pylon  
  21  1:52  Probe  
  22  2:04  Probe  
  23  2:15  Stalker (Chrono Boost)  
  24  2:32  Warp Gate (Chrono Boost)  
  24  2:36  Stalker  
  26  2:44  Robotics Facility, Probe  
  27  2:45  Probe  
  28  3:02  Gateway  
  28  3:09  Stalker  
  28  3:17  Probe  
  27  3:21  Probe  
  27  3:29  Probe  
  27  3:32  Observer (Chrono Boost)  
  26  3:34  Probe  
  26  3:41  Probe  
  26  3:47  Probe  
  28  3:53  Probe  
  29  3:59  Probe  
  30  4:05  Probe  
  31  4:10  Shield Battery  
  31  4:11  Probe  
  31  4:12  Shield Battery  
  32  4:18  Probe  
  32  4:23  Observer  
  32  4:24  Probe  
  35  4:30  Probe  
  36  4:36  Probe  
  37  4:40  Twilight Council  
  37  4:42  Probe  
  37  4:43  Pylon  
  37  4:45  Sentry  
  40  4:48  Probe  
  40  4:50  Sentry  
  43  4:54  Probe  
  45  5:14  Probe x2  
  45  5:17  Blink (Chrono Boost)  
  46  5:22  Pylon  
  46  5:26  Probe x2  
  48  5:31  Gateway  
  48  5:33  Gateway  
  48  5:36  Pylon  
  48  5:38  Probe x2  
  48  5:50  Probe x2  
  48  5:56  Stalker  
  48  5:57  Stalker  
  54  6:02  Probe x2  
  54  6:03  Assimilator  
  56  6:07  Gateway  
  56  6:10  Gateway  
  56  6:12  Forge  
  56  6:14  Probe x2  
  58  6:20  Pylon  
  58  6:26  Observer, Probe  
  58  6:27  Probe  
  58  6:28  Stalker x2  
  62  6:34  Assimilator  
  62  6:42  Immortal  
  66  6:57  Probe x2  
  66  6:58  Charge  
  68  7:05  Stalker x3  
  68  7:06  Stalker  
  76  7:10  Nexus  
  76  7:14  Pylon  
  76  7:17  Protoss Ground Weapons Level 1 (Chrono Boost)  
  76  7:29  Pylon  
  76  7:31  Pylon, Stalker  
  78  7:37  Stalker x2  
  78  7:39  Stalker  
  78  7:43  Probe x2  
  86  7:50  Stalker x2  
  90  7:57  Pylon  
  90  7:58  Pylon  
  90  8:00  Probe x2  
  92  8:05  Stalker  
  92  8:12  Stalker x2  
  98  8:18  Probe x2  
  98  8:19  Zealot  
  102  8:20  Zealot  
  102  8:24  Zealot  
  106  8:32  Zealot  
  108  8:37  Gateway x2  
  108  8:41  Protoss Ground Weapons Level 2 (Chrono Boost)  
  108  8:44  Stalker  
  108  8:47  Probe x3  
  113  8:56  Zealot x4  
  117  9:12  Zealot x2  
  101  9:17  Probe x2  
  101  9:18  Probe  
  104  9:27  Stalker x3  
  104  9:28  Stalker  
  112  9:35  Probe  
  112  9:36  Probe x2  
  115  9:42  Templar Archives  
  115  9:47  Probe  
  115  9:48  Probe x2  
  119  10:00  Probe x3  
  119  10:01  Zealot x6  
  133  10:20  Pylon  
  133  10:21  Pylon  
  133  10:23  Pylon  
  133  10:28  Probe x3  
  109  10:39  Zealot x7  
  83  11:00  Psionic Storm  
  83  11:03  Probe x3  
  86  11:04  Stalker x3  
  86  11:05  Stalker  
  94  11:14  Protoss Ground Weapons Level 3 (Chrono Boost)  
  82  11:34  High Templar x4  
  82  11:35  High Templar x2  
  82  11:36  Stalker x2  
  82  11:38  Probe x3 (Chrono Boost)  
  104  11:49  Probe x3 (Chrono Boost)  
  104  12:07  Stalker  
  104  12:08  Stalker x2  
  110  12:13  Stalker x2  
  114  12:16  Nexus  
  110  12:34  Stalker  
  110  12:35  Stalker x5  
  120  12:52  Probe x3  
  123  13:01  Zealot x2  
  127  13:07  Stalker x2  
  130  13:20  Probe x2  
  130  13:21  Probe, Protoss Ground Armor Level 1 (Chrono Boost)  
  130  13:25  Stalker  
  135  13:27  Stalker x2  
  135  13:28  Zealot x3  
  137  13:55  Probe x3  
  126  13:58  Stalker x5  
  136  14:09  High Templar x2  
  138  14:10  Zealot  
  138  14:15  Archon  
  140  14:23  Probe x2  
  140  14:24  Probe  
  143  14:26  Nexus  
  143  14:34  Stalker x3  
  143  14:49  High Templar x3  
  143  14:52  High Templar  
  134  15:09  High Templar  
  134  15:10  Zealot  
  132  15:19  Zealot x2  
  118  15:31  Archon x2  
  92  15:47  Zealot x4  
  92  15:49  Stalker  
Tags
 
Add a new tag
Caveats
  • Supply blocks, unpowered buildings, or Contaminate may cause inaccurate times.
  • Supply counts are checked every 10 seconds.